Map: Lost and Found LE

Players

MindGrapes - Winner!

  • Race: Protoss Protoss
  • Spawn Location: 1:00

TepidTortise

  • Race: Zerg Zerg
  • Spawn Location: 7:00

VOD

Have the link to the VOD?

Description

off racing with protoss

Time

  • Played on: June 30, 2018, 1:02 p.m.
  • Length: 18:46
Show
View Real Time Build Order
Export as new Build Order

MindGrapes Protoss - Winner!

Build Orders: Oracle Opening 

Get SALT Encoding   

  12  0:00  Probe  
  13  0:13  Probe  
  14  0:20  Pylon  
  14  0:25  Probe  
  15  0:43  Gateway  
  15  0:47  Probe  
  15  0:48  Gateway  
  15  0:55  Probe  
  17  1:05  Probe  
  18  1:17  Probe  
  19  1:24  Assimilator  
  19  1:27  Assimilator  
  19  1:43  Cybernetics Core  
  19  1:46  Probe  
  22  1:57  Probe  
  21  2:02  Nexus  
  21  2:05  Probe  
  22  2:27  Pylon  
  22  2:33  Pylon  
  22  2:34  Probe  
  23  2:45  Adept x2  
  23  2:46  Probe  
  28  2:55  Stargate  
  28  2:57  Probe  
  29  3:02  Warp Gate  
  29  3:05  Probe  
  30  3:13  Probe  
  31  3:24  Stalker x2  
  35  3:39  Oracle  
  38  3:43  Probe x2  
  40  3:58  Probe x2  
  40  4:16  Oracle  
  43  4:22  Stalker x2  
  47  4:30  Probe x2  
  47  4:37  Twilight Council  
  47  4:39  Assimilator  
  47  4:41  Assimilator  
  47  4:42  Probe x2  
  49  4:45  Pylon  
  49  4:54  Probe  
  50  5:11  Gateway  
  50  5:13  Gateway  
  50  5:15  Gateway  
  50  5:18  Gateway  
  50  5:25  Forge, Nexus  
  50  5:27  Forge, Assimilator  
  50  5:31  Assimilator  
  50  5:32  Probe x2  
  50  5:35  Pylon  
  52  5:44  Probe x2  
  54  5:56  Probe  
  55  5:59  Charge  
  55  6:04  Protoss Ground Armor Level 1, Protoss Ground Weapons Level 1  
  55  6:23  Zealot x2  
  59  6:27  Protoss Air Weapons Level 1  
  59  6:30  Probe x2  
  59  6:34  Fleet Beacon  
  59  6:38  Probe x2  
  61  6:42  Stalker x2  
  61  6:43  Stalker x3  
  61  6:44  Stalker  
  75  6:47  Probe  
  76  7:03  Gateway  
  76  7:08  Probe x3  
  79  7:16  Probe  
  79  7:20  Probe x2  
  79  7:22  Photon Cannon  
  82  7:24  Photon Cannon  
  82  7:25  Probe  
  82  7:26  Photon Cannon  
  83  7:30  Stargate  
  83  7:31  Zealot  
  85  7:38  Pylon  
  85  7:40  Pylon  
  85  7:41  Pylon  
  85  7:45  Pylon, Graviton Catapult  
  85  7:56  Probe x3  
  85  7:57  Carrier  
  94  8:00  Blink  
  94  8:07  Pylon  
  94  8:09  Pylon  
  94  8:10  Pylon, Zealot x2  
  94  8:11  Zealot  
  100  8:14  Probe x2  
  100  8:15  Probe  
  103  8:26  Probe  
  104  8:27  Dark Shrine  
  104  8:45  Zealot x5  
  104  8:46  Zealot  
  116  8:51  Zealot  
  118  9:03  Gateway  
  118  9:06  Gateway  
  118  9:07  Gateway  
  118  9:10  Gateway  
  118  9:24  Carrier x2  
  118  9:29  Nexus  
  118  9:31  Assimilator  
  118  9:36  Assimilator  
  118  9:37  Probe x3  
  130  9:41  Pylon  
  130  9:43  Pylon  
  130  9:45  Probe x3  
  133  9:46  Pylon  
  136  9:53  Probe  
  136  9:54  Pylon  
  136  9:56  Zealot x2  
  141  10:03  Templar Archives  
  141  10:08  Pylon x2  
  141  10:17  Pylon  
  141  10:19  Pylon  
  141  10:30  Dark Templar x6  
  141  10:31  Dark Templar  
  155  10:41  Psionic Storm  
  155  10:43  High Templar x4  
  163  11:02  Probe  
  163  11:03  Probe  
  163  11:06  Probe  
  163  11:07  Probe  
  163  11:11  Carrier  
  169  11:46  Dark Templar x5  
  169  11:47  Dark Templar  
  171  11:53  Carrier  
  177  12:11  Photon Cannon x2  
  177  12:13  Photon Cannon  
  177  12:14  Photon Cannon  
  177  12:16  Photon Cannon  
  177  12:18  Photon Cannon  
  177  12:20  Photon Cannon  
  177  12:21  Photon Cannon  
  177  12:24  Photon Cannon  
  177  12:26  Photon Cannon  
  155  12:53  Carrier  
  149  13:04  Protoss Ground Armor Level 2, Protoss Ground Weapons Level 2  
  149  13:15  Carrier  
  149  13:21  High Templar x3  
  149  13:22  High Templar  
  149  13:30  Archon x3  
  149  13:38  Photon Cannon  
  149  13:39  Photon Cannon  
  149  13:40  Probe x3  
  149  13:42  Photon Cannon  
  149  13:44  Photon Cannon  
  149  14:05  Nexus  
  149  14:07  Assimilator  
  149  14:11  Dark Templar x5, Assimilator  
  149  14:12  Dark Templar x3  
  149  14:14  Pylon  
  149  14:16  Pylon  
  149  14:18  Carrier  
  149  14:20  Pylon  
  149  14:23  Protoss Air Weapons Level 2  
  149  14:41  Carrier  
  149  14:58  Photon Cannon  
  149  14:59  Photon Cannon  
  149  15:01  Photon Cannon  
  149  15:02  Photon Cannon  
  149  15:03  Photon Cannon  
  149  15:05  Photon Cannon  
  149  15:07  Photon Cannon  
  149  15:10  Photon Cannon x2  
  149  15:12  Photon Cannon  
  149  15:16  Photon Cannon  
  149  15:23  Gateway  
  149  15:24  Gateway  
  149  15:34  Gateway  
  149  15:52  Pylon  
  149  17:29  Archon  
  149  17:30  Archon x3  
  149  17:35  Archon x4  
  149  17:54  Photon Cannon x2  
  149  18:00  Photon Cannon  
  149  18:03  Pylon  
  149  18:05  Pylon  
Show
View Real Time Build Order
Export as new Build Order

TepidTortise Zerg 

Build Orders: Pool First 

Get SALT Encoding   

  12  0:01  Drone  
  13  0:08  Drone  
  14  0:17  Overlord  
  14  0:34  Spawning Pool  
  13  0:38  Drone  
  14  0:48  Drone x2  
  16  1:14  Hatchery  
  16  1:17  Extractor, Drone  
  15  1:30  Roach Warren  
  15  1:32  Drone  
  15  1:42  Queen  
  15  1:46  Drone  
  18  1:59  Overlord  
  18  2:00  Zergling x2  
  19  2:21  Queen  
  21  2:26  Drone x3  
  21  2:27  Drone  
  25  2:37  Overlord  
  25  2:55  Drone  
  25  2:56  Drone x3  
  25  2:57  Drone  
  29  3:27  Overlord x2  
  29  3:31  Hatchery  
  29  3:33  Lair  
  28  3:37  Extractor  
  28  3:38  Drone x2  
  16  4:33  Drone x5  
  16  4:34  Drone x3  
  24  4:45  Queen  
  24  4:50  Drone  
  20  5:03  Drone x3  
  23  5:26  Roach x3  
  23  5:27  Roach x4  
  37  5:30  Queen  
  39  5:43  Hydralisk Den  
  39  5:45  Extractor  
  30  6:12  Queen  
  30  6:14  Queen  
  34  6:21  Drone x6  
  34  6:22  Drone  
  41  6:37  Overlord  
  41  6:47  Drone  
  41  6:48  Drone x2  
  44  6:56  Drone x2  
  46  7:08  Drone  
  46  7:09  Drone x3  
  50  7:20  Hydralisk x2  
  54  7:24  Overlord  
  54  7:30  Ravager  
  54  7:36  Drone x2  
  58  7:37  Drone x3  
  60  7:54  Hydralisk x2  
  60  7:56  Roach x2  
  60  7:57  Zergling x2  
  69  8:00  Drone  
  70  8:17  Drone x2  
  70  8:18  Drone x3  
  75  8:21  Drone x2  
  75  8:24  Extractor, Hydralisk  
  75  8:26  Overlord  
  78  8:27  Overlord  
  78  8:48  Drone  
  78  8:49  Drone x2  
  81  9:00  Extractor, Grooved Spines  
  80  9:07  Evolution Chamber  
  80  9:09  Evolution Chamber, Drone x2  
  80  9:11  Overlord x3  
  80  9:13  Hydralisk x2  
  84  9:17  Ravager  
  84  9:22  Drone x3  
  88  9:28  Overseer  
  88  9:31  Overseer  
  88  9:34  Roach x2  
  88  9:35  Roach, Zergling x6  
  97  9:39  Drone  
  97  9:43  Zerg Missile Weapons Level 1  
  98  9:50  Drone x3  
  101  9:58  Drone x4  
  105  10:21  Hydralisk x4  
  105  10:24  Overlord x2  
  113  10:36  Overlord x2  
  113  10:55  Zerg Ground Armor Level 1  
  113  11:08  Infestation Pit  
  113  11:10  Roach  
  113  11:11  Hydralisk x3, Roach x3  
  120  11:13  Ravager  
  120  11:14  Ravager  
  128  11:31  Hydralisk x4  
  130  11:51  Overseer  
  130  11:54  Overseer  
  130  11:57  Drone x3  
  130  11:58  Drone x3  
  136  12:03  Roach x3  
Tags
 
Add a new tag
Caveats
  • Supply blocks, unpowered buildings, or Contaminate may cause inaccurate times.
  • Supply counts are checked every 10 seconds.